 Dungeon Crawl Stone Soup version 0.20.1-1-g8b1a95d (webtiles) character file.

145 Gremour the Slasher (level 5, 0/41 HPs)
             Began as a Demonspawn Fighter on Nov 27, 2017.
             Slain by Grinder (7 damage)
             ... while paralysed by Grinder
             ... on level 3 of the Dungeon.
             The game lasted 00:09:53 (2758 turns).

Gremour the Slasher (Demonspawn Fighter)            Turns: 2758, Time: 00:09:54

Health: 0/41       AC: 11    Str: 21    XL:     5   Next: 6%
Magic:  5/5        EV:  2    Int:  9    God:
Gold:   78         SH:  0    Dex: 14    Spells: 4/4 levels left

rFire    . . .     SeeInvis .   a - +0 long sword
rCold    . . .     Gourm    .   c - +0 shield
rNeg     . . .     Faith    .   z - +1 leather armour {MR+}
rPois    +         Spirit   .   t - +0 helmet
rElec    .         Reflect  .   q - +0 cloak
rCorr    +         Harm     +   (no gloves)
MR       +....                  m - +2 pair of boots
Stlth    +.........             k - amulet of harm
Regen    0.2/turn               g - ring of poison resistance
MPRegen  0.1/turn               o - ring of resist corrosion

@: paralysed, mighty
A: hooves 1, yellow scales 1
a: no special abilities


You were on level 3 of the Dungeon.
You were not hungry.

You visited 1 branch of the dungeon, and saw 3 of its levels.

You collected 78 gold pieces.

Inventory:

Hand Weapons
 a - a +0 long sword (weapon)
 r - a +1 dagger of flaming
Armour
 b - a +0 scale mail
 c - a +0 shield (worn)
 m - a +2 pair of boots (worn)
 q - a +0 cloak (worn)
 t - a +0 helmet (worn)
 z - a +1 leather armour of magic resistance (worn)
Jewellery
 g - a ring of poison resistance (left hand)
 k - an amulet of harm (around neck)
 o - a ring of resist corrosion (right hand)
Wands
 y - a wand of confusion (20/48)
Scrolls
 e - 3 scrolls of amnesia {unknown}
 i - a scroll of magic mapping {unknown}
 s - a scroll of identify {unknown}
 u - a scroll of enchant armour {unknown}
 v - a scroll of teleportation {unknown}
 C - a scroll of fog {unknown}
Potions
 n - a potion of lignification {unknown}
 p - a potion of magic {unknown}
 w - a potion of brilliance {unknown}
 x - a potion of curing
Comestibles
 f - 2 bread rations
 h - 5 fruits
 j - 2 royal jellies
 A - 3 chunks of flesh


   Skills:
 - Level 3.0 Fighting
 + Level 4.8 Long Blades
 - Level 2.6 Armour
 - Level 2.6 Shields


You had 4 spell levels left.
You didn't know any spells.

Dungeon Overview and Level Annotations

Branches:
Dungeon (3/15)

Altars:
Fedhas

Annotations:
D:3 Grinder


Innate Abilities, Weirdness & Mutations

You have large cloven feet.
You are partially covered in yellow scales. (AC +2)


Message History

Grinder hits you but does no damage.
You slash Grinder!
Grinder is heavily wounded.
Grinder hits you!
* * * LOW HITPOINT WARNING * * *
You writhe in agony.
* * * LOW HITPOINT WARNING * * *
You feel better. Grinder closely misses you.
It was a potion of cancellation.
Your magical effects are unravelling.
You feel magically purged.
You feel yourself slow down.
Grinder blinks!
You feel very mighty all of a sudden. Grinder gestures at you.
You suddenly lose the ability to move!
Grinder hits you!
* * * LOW HITPOINT WARNING * * *
You writhe in agony.
You die...

#.###.###.##....#....#
#.# #.# #.##.##.#.##.#
#.# #.# #.##.# ... #.#
#.. .. ..##.###.###.#
### ####.# #.# #.#
#.###.# #.# ..
#.##..###.# #....
.##.........#######.
'....
.'....ยง@............
#...
.####...5.#########.
##.##.# ## #.# ### #.#
.. #.# #. #.# # #.#
#.# #.# #..##.. ##.##
#......


You could see Grinder.

Vanquished Creatures
  Ijyb (D:3)
  Robin (D:2)
  4 adders
  2 worms (D:2)
  3 leopard geckos
  4 orcs
  3 ball pythons (D:2)
  2 bats
  3 giant cockroaches
  17 goblins
  3 hobgoblins (D:2)
  3 jackals (D:3)
  A quokka (D:2)
  8 frilled lizards
  3 kobolds
  3 rats (D:1)
61 creatures vanquished.

Notes
Turn   | Place    | Note
-------+----------+-------------------------------------------
     0 | D:1      | Gremour the Demonspawn Fighter began the quest for the Orb.
     0 | D:1      | Reached XP level 1. HP: 18/18 MP: 1/1
    50 | D:1      | Reached skill level 2 in Long Blades
   635 | D:1      | Gained mutation: You have large cloven feet. [demonic ancestry]
   635 | D:1      | Reached XP level 2. HP: 24/24 MP: 2/2
   958 | D:2      | Reached skill level 3 in Long Blades
  1204 | D:2      | Reached XP level 3. HP: 28/29 MP: 3/3
  1725 | D:2      | Noticed Robin
  1757 | D:2      | Killed Robin
  1757 | D:2      | Reached skill level 4 in Long Blades
  1757 | D:2      | Reached XP level 4. HP: 34/35 MP: 4/4
  2214 | D:3      | Found a blossoming altar of Fedhas.
  2305 | D:3      | Noticed Ijyb
  2327 | D:3      | Killed Ijyb
  2327 | D:3      | Gained mutation: You are partially covered in yellow scales. (AC +2) [demonic ancestry]
  2327 | D:3      | Reached XP level 5. HP: 36/41 MP: 5/5
  2735 | D:3      | Noticed Grinder
  2757 | D:3      | Paralysed by Grinder for 2 turns
  2758 | D:3      | Slain by Grinder

Skill      XL: |  1  2  3 |
---------------+----------+-----
Long Blades    | 2 3 4 |  4.8
Fighting       | |  3.0
Armour         | |  2.6
Shields        | |  2.6

Action                   |  1- 3 |  4- 6 || total
-------------------------+-------+-------++-------
Melee: Long sword        |   110 |   133 ||   243
  Use: Potion            |       |     5 ||     5
  Eat: Chunk             |     3 |     3 ||     6
Armor: Scale mail        |    58 |    51 ||   109
       Leather armour    |       |     4 ||     4
Dodge: Dodged            |    37 |    34 ||    71
Block: Shield            |    56 |    52 ||   108
       Rpst.: Long sword |     8 |     6 ||    14
